 Dungeon Crawl Stone Soup version 0.32-a0-675-gdc239d62e1 (webtiles) character file.

Game seed: 10298956309167915191

162 BeKind the Chiller (level 5, -1/27 HPs)
             Began as an Octopode Ice Elementalist on Mar 11, 2024.
             Was a Follower of Hepliaklqana.
             Slain by a phantom (7 damage)
             ... on level 5 of the Dungeon.
             The game lasted 00:06:39 (2708 turns).

BeKind the Chiller (Octopode Ice Elementalist)      Turns: 2708, Time: 00:06:40

Health: -1/27      AC:  1    Str:  4 (7)  XL:     5   Next: 43%
Magic:  6/8        EV: 12    Int: 17 (19) God:    Hepliaklqana [*.....]
Gold:   120        SH:  4    Dex: 13      Spells: 1/8 levels left

rFire   . . .        c - +0 dagger (heavy)
rCold   . . .        i - +0 buckler
rNeg    . . .        (helmet restricted)
rPois   .            e - amulet of magic regeneration
rElec   .            (no ring)
rCorr   .            (no ring)
SInv    .            (no ring)
Will    .....        (no ring)
Stlth   +++          (no ring)
HPRegen 0.24/turn    (no ring)
MPRegen 0.51/turn    (no ring)
                     (no ring)

%: no passive effects
@: very slightly contaminated
A: reduced essence, almost no armour, amphibious, 8 rings, camouflage 1,
gelatinous body 1, (nimble swimmer 1), tentacles
a: Renounce Religion, Recall Ancestor, Ancestor Identity


You were on level 5 of the Dungeon.
You worshipped Hepliaklqana.
Hepliaklqana was aware of your devotion.
You visited 1 branch of the dungeon, and saw 5 of its levels.

You collected 169 gold pieces.
You spent 49 gold pieces at shops.

Inventory:

Hand Weapons
 c - a +0 heavy dagger (weapon)
Armour
 b - a +2 hat of willpower
 i - a +0 buckler (worn)
Jewellery
 e - an amulet of magic regeneration (around mantle)
 h - a ring of fire
Scrolls
 f - a scroll of fog {unknown}
 g - a scroll of summoning {unknown}
 j - a scroll of noise {unknown}
 k - a scroll of torment {unknown}
Potions
 a - a potion of magic
 d - a potion of enlightenment {unknown}
 o - 2 potions of mutation {unknown}
 p - a potion of ambrosia {unknown}


   Skills:
 + Level 3.0 Dodging
 - Level 4.0 Stealth
 + Level 2.9 Shields
 + Level 2.4 Spellcasting
 * Level 0.0 Summonings
 + Level 4.3 Ice Magic


You had one spell level left.
You knew the following spells:

 Your Spells              Type           Power      Damage    Failure   Level
a - Freeze                Ice            68%        1d8       5%          1
b - Frozen Ramparts       Ice            34%        1d6       17%         3
c - Summon Ice Beast      Ice/Summ       9%         N/A       38%         3

Your spell library contained the following spells:

 Spells                   Type           Power      Damage    Failure   Level
 Ozocubu's Armour         Ice            17%        N/A       17%         3
 Ensorcelled Hibernation  Hex/Ice        18%        N/A       22%         2
 Gell's Gravitas          Tloc           2%         N/A       71%         3
 Passwall                 Erth           2%         N/A       71%         3
 Swiftness                Air            2%         N/A       71%         3
 Teleport Other           Tloc           2%         N/A       71%         3
 Dispersal                Tloc           1%         N/A       100%        6


Dungeon Overview and Level Annotations

Branches:
Dungeon (5/15)
 Temple: D:4-7

Altars:
Hepliaklqana
Vehumet

Shops:
D:2 [

Annotations:
D:3 Sigmund


Innate Abilities, Weirdness & Mutations

Your life essence is reduced to manifest your ancestor. (-10% HP)
You cannot wear most types of armour.
You are amphibious.
You can wear up to eight rings at the same time.
Your skin changes colour to match your surroundings (Stealth+).
Your rubbery body absorbs attacks. (AC +1, EV +1)
((You are camouflaged when in or above water. (Stealth+)))
You have tentacles for arms and can constrict up to eight enemies at once.


Message History

Ancestor HP restored.
A phantom is nearby!
Found a stone staircase leading down.
Behiahoa hits the phantom.
The phantom barely misses Behiahoa.
You swap places.
The phantom closely misses you.
You hit the phantom.
The phantom is severely damaged.
The phantom hits you.
Behiahoa hits the phantom.
The phantom hits you.
The phantom blinks!
You blink.
You are too injured to fight recklessly!
You are too injured to fight recklessly!
You are too injured to fight recklessly!
You are too injured to fight recklessly!
Casting: Freeze (safe; 5% risk of failure)
Confirm with . or Enter, or press ? or * to list all spells.
Aiming: Freeze (safe; 5% risk of failure)
Press: ? - help, Shift-Dir - straight line, f - phantom
Aim: a phantom (severely damaged, ally target)
You freeze the phantom but do no damage.
The phantom completely resists.
You block the phantom's attack.
Unknown command.
Casting: Freeze (safe; 5% risk of failure)
Confirm with . or Enter, or press ? or * to list all spells.
Aiming: Freeze (safe; 5% risk of failure)
Press: ? - help, Shift-Dir - straight line, f/p - phantom
Aim: a phantom (severely damaged, ally target)
You miscast Freeze.
You are very lightly contaminated with residual magic.
Nothing appears to happen.
Behiahoa hits the phantom.
The phantom hits you.
* * * LOW HITPOINT WARNING * * *
The phantom blinks!
You blink.
Casting: Freeze (safe; 5% risk of failure)
Confirm with . or Enter, or press ? or * to list all spells.
Aiming: Freeze (safe; 5% risk of failure)
Press: ? - help, Shift-Dir - straight line, f/p - phantom
Aim: a phantom (almost destroyed, ally target)
You freeze the phantom but do no damage.
The phantom completely resists.
The phantom hits you!
You die...
Hepliaklqana delivers you to your ancestors.

.# .#
######.####
#@.§.......#
##WR§..####.#
#..>.........
###......##.#
#.#.......#
#.#..[....#
#.#<......#
#.###......
......


You could see the friendly Behiahoa the ancestor and a phantom (ally target).

Vanquished Creatures
  A jelly (D:4)
  3 gnolls (D:2)
  2 adders (D:2)
  3 dart slugs
  6 orcs (D:3)
  8 ball pythons
  6 endoplasms
  3 giant cockroaches
  7 goblins
  6 hobgoblins
  14 kobolds
  2 quokkas (D:3)
  2 bats
  A frilled lizard (D:1)
  5 rats
69 creatures vanquished.

Notes
Turn   | Place    | Note
-------+----------+-------------------------------------------
     0 | D:1      | BeKind the Octopode Ice Elementalist began the quest for
                  | the Orb.
     0 | D:1      | Reached XP level 1. HP: 11/11 MP: 3/3
   251 | D:1      | Reached XP level 2. HP: 13/17 MP: 3/5
   795 | D:1      | Reached XP level 3. HP: 16/21 MP: 6/6
  1526 | D:2      | Found a radiant altar of Vehumet.
  1537 | D:2      | Found Fiakuh's Armour Emporium.
  1555 | D:2      | Bought a +0 buckler for 49 gold pieces
  1609 | D:2      | Reached XP level 4. HP: 23/27 MP: 7/7
  1663 | D:2      | Learned a level 3 spell: Frozen Ramparts
  1679 | D:2      | Reached skill level 1 in Shields
  1920 | D:3      | Noticed Sigmund
  1996 | D:3      | Reached XP level 5. HP: 30/31 MP: 8/8
  2093 | D:4      | Found a hazy altar of Hepliaklqana.
  2145 | D:4      | Became a worshipper of Hepliaklqana the Forgotten
  2162 | D:4      | Noticed an ogre
  2228 | D:3      | Found a faded altar of an unknown god.
  2291 | D:3      | Identified a scroll of acquirement
  2291 | D:3      | Acquired a +2 hat of willpower
  2578 | D:4      | Learned a level 3 spell: Summon Ice Beast
  2696 | D:5      | Entered Level 5 of the Dungeon
  2696 | D:5      | Noticed a phantom
  2696 | D:5      | Reached * piety under Hepliaklqana
  2708 | D:5      | Slain by a phantom

Illustrated notes

Levels and vault maps discovered:
D:1:      lightli_arrival_quake, layout_basic, minmay_misc_feat_four_crosses,
          roderic_serpentine_path
D:2:      layout_rooms, serial_shops, shop, basic_altar,
          amcnicky_mini_corridor_feature
D:3:      layout_rooms, nicolae_wu_jian_immortal_techniques,
          dreamdust_ecumenical_altar_grove, kennysheep_generic_room_12,
          uniq_sigmund
D:4:      nicolae_cairo_tiling_large_dashed, layout_rooms,
          nicolae_hepliaklqana_hazy_memory
D:5:      wad_pebble_path, layout_basic, mainiacjoe_overflow_big_doors,
          ashenzari_conservatory_becter

Skill      XL: |  1  2  3  4 |
---------------+-------------+-----
Stealth        | 3 4 |  4.0
Dodging        | 3 |  3.0
Shields        | 2 |  2.9
Spellcasting   | |  2.4
Ice Magic      | |  4.3

Action                     |  1- 3 |  4- 6 || total
---------------------------+-------+-------++-------
  Melee: Unarmed           |     2 |       ||     2
         Dagger            |    61 |    31 ||    92
         Constrict         |    14 |     9 ||    23
         Tentacles         |    11 |     9 ||    20
   Cast: Freeze            |    16 |    13 ||    29
         Frozen Ramparts   |       |     6 ||     6
    Use: Scroll            |       |     4 ||     4
         Potion            |       |     4 ||     4
   Stab: Sleeping          |    10 |     4 ||    14
 Armour: Skin              |    34 |    28 ||    62
  Dodge: Dodged            |    30 |    29 ||    59
  Block: Buckler           |       |     2 ||     2

Table legend: (Time is in decaauts)
 A = Elapsed time spent in this place.
 B = Non-inter-level travel time spent in this place.
 C = Inter-level travel time spent in this place.
 D = Time resting spent in this place.
 E = Time spent auto-exploring this place.
 F = Levels seen in this place.
 G = Mean time per level.
                   A        B        C        D        E       F      G
               +--------+--------+--------+--------+--------+-----+--------+
         Total |   2714 |   2388 |    326 |     95 |   1770 |   5 |  542.8 |
       Dungeon |   2714 |   2388 |    326 |     95 |   1770 |   5 |  542.8 |
               +--------+--------+--------+--------+--------+-----+--------+

Top non-repeatable levels by time:
     D:1: 1329 daAuts
     D:2: 693 daAuts
     D:3: 424 daAuts
     D:4: 253 daAuts
     D:5: 14 daAuts
